 Dungeon Crawl Stone Soup version 0.28.0-47-ge53b351184 (webtiles) character file.

Game seed: 5410566262760898555

100 enile the Sneak (level 4, -1/42 HPs)
             Began as a Naga Enchanter on May 3, 2022.
             Was a Follower of Elyvilon.
             Slain by a water moccasin skeleton (6 damage)
             ... on level 3 of the Dungeon.
             The game lasted 00:03:33 (2687 turns).

enile the Sneak (Naga Enchanter)                    Turns: 2687, Time: 00:03:34

Health: -1/42      AC:  2    Str: 11    XL:     4   Next: 73%
Magic:  7/7        EV: 10    Int: 15    God:    Elyvilon [*.....]
Gold:   168        SH:  0    Dex: 13    Spells: 5/7 levels left

rFire   . . .      SeeInvis +   f - +2 dagger (venom)
rCold   . . .      Faith    .   (no shield)
rNeg    . . .      Spirit   .   b - +0 robe
rPois   +          Reflect  .   (no helmet)
rElec   .          Harm     .   (no cloak)
rCorr   .          Rampage  .   (no gloves)
Will    .....                   (no barding)
Stlth   +.........              (no amulet)
HPRegen 0.14/turn               (no ring)
MPRegen 0.10/turn               (no ring)

@: confused, ambrosia-drunk, very slow
A: AC +1, large, see invisible, deformed body, poison resistance, slowness 2,
spit poison 1, naga tail 1
a: Spit Poison, Renounce Religion, Purification


You were on level 3 of the Dungeon.
You worshipped Elyvilon.
Elyvilon was aware of your devotion.
You visited 1 branch of the dungeon, and saw 3 of its levels.

You collected 168 gold pieces.

Inventory:

Hand Weapons
 a - a +1 dagger
 f - a +2 dagger of venom (weapon)
Armour
 b - a +0 robe (worn)
 k - an orb of energy
Scrolls
 d - a scroll of fog {unknown}
 e - 3 scrolls of teleportation {unknown}
 h - a scroll of enchant weapon {unknown}
 i - a scroll of identify {unknown}
Potions
 c - a potion of invisibility
 j - a potion of flight {unknown}
 l - a potion of cancellation {unknown}


   Skills:
 + Level 3.0 Fighting
 - Level 1.0 Short Blades
 - Level 2.0 Dodging
 - Level 6.0 Stealth
 - Level 2.0 Spellcasting
 - Level 3.0 Hexes


You had 5 spell levels left.
You knew the following spells:

 Your Spells              Type           Power      Damage    Failure   Level
a - Ensorcelled Hibernat  Hex/Ice        12%        N/A       19%         2

Your spell library contained the following spells:

 Spells                   Type           Power      Damage    Failure   Level
 Confusing Touch          Hex            10%        N/A       19%         3
 Tukima's Dance           Hex            10%        N/A       19%         3
 Summon Small Mammal      Summ           4%         N/A       22%         1
 Dazzling Flash           Conj/Hex       12%        N/A       34%         3
 Summon Guardian Golem    Hex/Summ       6%         N/A       34%         3
 Call Canine Familiar     Summ           1%         N/A       54%         3


Dungeon Overview and Level Annotations

Branches:
Dungeon (3/15)

Altars:
Elyvilon


Innate Abilities, Weirdness & Mutations

Your serpentine skin is tough. (AC +1)
You have supernaturally acute eyesight. (SInv)
Armour fits poorly on your strangely shaped body.
Your system is resistant to poisons. (rPois)
You cover ground very slowly.
You can spit poison.
You have a snake-like lower body.


Message History

You barely miss the water moccasin skeleton.
The water moccasin skeleton is severely damaged.
The water moccasin skeleton bites you but does no damage.
You hit the water moccasin skeleton.
The water moccasin skeleton is severely damaged.
The water moccasin skeleton barely misses you.
You closely miss the water moccasin skeleton.
The water moccasin skeleton is severely damaged.
The water moccasin skeleton bites you. x2
You hit the water moccasin skeleton.
The water moccasin skeleton is almost destroyed.
The water moccasin skeleton closely misses you.
You barely miss the water moccasin skeleton.
The water moccasin skeleton is almost destroyed.
The water moccasin skeleton closely misses you.
You hit the water moccasin skeleton but do no damage.
The water moccasin skeleton is almost destroyed.
The water moccasin skeleton bites you.
You barely miss the water moccasin skeleton.
The water moccasin skeleton is almost destroyed.
The water moccasin skeleton bites you.
* * * LOW HITPOINT WARNING * * *
You closely miss the water moccasin skeleton.
The water moccasin skeleton is almost destroyed.
The water moccasin skeleton closely misses you.
You barely miss the water moccasin skeleton.
The water moccasin skeleton is almost destroyed.
The water moccasin skeleton bites you.
* * * LOW HITPOINT WARNING * * *
Aiming: Spit Poison (1% risk of failure)
Press: ? - help, Shift-Dir - straight line, f - you
Okay, then.
It was a potion of ambrosia.
You are confused.
You feel invigorated. The water moccasin skeleton bites you!
* * * LOW HITPOINT WARNING * * *
The water moccasin skeleton bites you.
* * * LOW HITPOINT WARNING * * *
The water moccasin skeleton bites you.
You die...

## ######### .#
#.......#
.######.####..#####
......#.##......#≈#
.####......#..###≈#
.######.......###≈##
.....##.#####.##.≈.##
.###.##.........@Z..#
.....########.##.≈..#
.....# #.###≈#.#
.....##### #.# #≈#.#
.#..>....# ... ### .
.......).# ... ##
.#(......# #...
.....<...# #$#
).........


You could see a water moccasin skeleton.

Vanquished Creatures
  Robin (D:2)
  3 adders
  An orc (D:3)
  5 ball pythons
  9 bats
  4 endoplasms
  A giant cockroach (D:2)
  7 hobgoblins
  4 quokkas
  3 frilled lizards
  11 goblins
  5 kobolds
  5 rats
59 creatures vanquished.

Notes
Turn   | Place    | Note
-------+----------+-------------------------------------------
     0 | D:1      | enile the Naga Enchanter began the quest for the Orb.
     0 | D:1      | Reached XP level 1. HP: 15/15 MP: 3/3
    67 | D:1      | Reached skill level 1 in Fighting
   169 | D:1      | Reached XP level 2. HP: 18/25 MP: 5/5
  1353 | D:2      | Reached XP level 3. HP: 25/32 MP: 6/6
  1365 | D:2      | Learned a level 2 spell: Ensorcelled Hibernation
  1537 | D:2      | Reached skill level 5 in Stealth
  1839 | D:2      | Found a faded altar of an unknown god.
  1878 | D:2      | Reached XP level 4. HP: 34/39 MP: 4/7
  1880 | D:2      | Reached skill level 6 in Stealth
  1932 | D:2      | Noticed Robin
  1953 | D:2      | Killed Robin
  2324 | D:2      | Prayed at the altar of an unknown god.
  2324 | D:2      | Became a worshipper of Elyvilon the Healer
  2324 | D:2      | Reached * piety under Elyvilon
  2687 | D:3      | Slain by a water moccasin skeleton

Illustrated notes

Levels and vault maps discovered:
D:1:      heliophobic_arrival_battle_scene, layout_basic
D:2:      layout_basic, chequers_ecumenical_altar_simple_redux, uniq_robin
D:3:      layout_loops_cross, tso_metal_star, minmay_misc_feat_cross,
          grunt_ministairs_1, chequers_serial_rivers_micro_a, st_stairs_2,
          glass_columns_a, kennysheep_path_1

Skill      XL: |  1  2  3  4 |
---------------+-------------+-----
Fighting       | 1 2 3 |  3.0
Dodging        | 2 |  2.0
Stealth        | 5 6 |  6.0
Short Blades   | |  1.0
Spellcasting   | |  2.0
Hexes          | |  3.0

Action                   |  1- 3 |  4- 6 || total
-------------------------+-------+-------++-------
Melee: Dagger            |    60 |    59 ||   119
       Punch             |       |     1 ||     1
 Cast: Ensorcelled Hiber |     3 |     5 ||     8
 Abil: Spit Poison       |    17 |     5 ||    22
  Use: Potion            |       |     1 ||     1
 Stab: Sleeping          |     5 |     5 ||    10
Armor: Robe              |     9 |     7 ||    16
Dodge: Dodged            |    32 |    22 ||    54
